 Dungeon Crawl Stone Soup version 0.31-a0-460-g9e667d4245 (webtiles) character file.

Game seed: 6238656860214700827

643 LeprechaunX the Ruffian (level 7, -8/46 HPs)
             Began as an Octopode Shapeshifter on Aug 4, 2023.
             Mangled by an orc warrior
             ... wielding a +0 flail
              (14 damage)
             ... on level 5 of the Dungeon.
             The game lasted 00:03:07 (3549 turns).

LeprechaunX the Ruffian (Octopode Shapeshifter)     Turns: 3549, Time: 00:03:08

Health: -8/46      AC:  1    Str: 16    XL:     7   Next: 51%
Magic:  16/16      EV: 14    Int: 10    God:
Gold:   253        SH:  0    Dex: 13    Spells: 6/6 levels left

rFire   . .          .
                       - Unarmed
rCold   . . .        (no shield)
rNeg    . . .        (helmet currently unavailable)
rPois   .            (no amulet)
rElec   .            g - ring of magical power
rCorr   .            (no ring)
SInv    .            (no ring)
Will    .....        (no ring)
Stlth   ++           (no ring)
HPRegen 0.27/turn    (no ring)
MPRegen 0.15/turn    (no ring)
                     (no ring)

%: no passive effects
@: beast-form
A: beast (slay +2), almost no armour, amphibious, 8 rings, camouflage 1,
gelatinous body 1, (nimble swimmer 1), tentacles
a: Begin Untransformation


You were on level 5 of the Dungeon.
You were a hulking beast.
You visited 1 branch of the dungeon, and saw 5 of its levels.

You collected 253 gold pieces.

Inventory:

Armour
 l - a +0 kite shield
Jewellery
 g - a ring of magical power (left tentacle)
Talismans
 b - a beast talisman (active)
Wands
 r - a wand of acid (6)
 t - a wand of digging (5)
Scrolls
 d - 2 scrolls of torment {unknown}
 e - 3 scrolls of identify {unknown}
 f - 4 scrolls of teleportation {unknown}
 h - a scroll of blinking {unknown}
 i - a scroll of poison {unknown}
 o - a scroll of amnesia {unknown}
 q - a scroll of noise {unknown}
Potions
 a - a potion of lignification
 c - a potion of enlightenment {unknown}
 j - a potion of haste {unknown}
 k - 2 potions of degeneration {unknown}
 m - a potion of mutation {unknown}
 n - 2 potions of resistance {unknown}
 p - a potion of heal wounds {unknown}
 s - a potion of curing {unknown}
 u - 2 potions of invisibility {unknown}


   Skills:
 + Level 3.5 Fighting
 + Level 3.9 Dodging
 * Level 5.8 Unarmed Combat
 + Level 4.2 Shapeshifting


You had 6 spell levels left.
You didn't know any spells.
Your spell library was empty.

Dungeon Overview and Level Annotations

Branches:
Dungeon (5/15)
 Temple: D:4-7

Altars:
Dithmenos
Nemelex Xobeh
Okawaru
Vehumet

Annotations:
D:2 1 runed translucent door, Crazy Yiuf


Innate Abilities, Weirdness & Mutations

You are a hulking beast.
Your limbs bulge with bestial killing power. (Slay +2)
You cannot wear most types of armour.
You are amphibious.
You can wear up to eight rings at the same time.
Your skin changes colour to match your surroundings (Stealth+).
Your rubbery body absorbs attacks. (AC +1, EV +1)
((You are camouflaged when in or above water. (Stealth+)))
You have tentacles for arms and can constrict up to eight enemies at once.


Message History

You constrict the orc.
You kill the orc!
You tentacle-slap the orc. You grab the orc.
The orc is lightly wounded.
You constrict the orc, but do no damage.
The orc hits you with a +0 dagger of protection.
You tentacle-slap the orc but do no damage.
You squeeze the orc!
You kill the orc!
An orc comes into view.
It is wielding a +1 flail of protection.
Items here: ( )))) [[[[ ††.
You bludgeon the orc!
You kill the orc!
You now have 253 gold pieces (gained 29).
Things that are here:
a +1 flail of protection; an orc corpse An orc warrior comes into view.
It is wielding a +0 flail.
An orc warrior is nearby!
An orc warrior is nearby!
An orc warrior is nearby!
The orc warrior shouts!
The orc warrior hits you with a +0 flail!!
You closely miss the orc warrior. Your grab misses the orc warrior.
The orc warrior hits you with a +0 flail!
You are too injured to fight recklessly!
You are too injured to fight recklessly!
You are too injured to fight recklessly!
You are too injured to fight recklessly!
You are too injured to fight recklessly!
You are too injured to fight recklessly!
You are too injured to fight recklessly!
You closely miss the orc warrior. You grab the orc warrior.
Your squeeze misses the orc warrior. You constrict the orc warrior.
The orc warrior hits you with a +0 flail!
* * * LOW HITPOINT WARNING * * *
You tentacle-slap the orc warrior.
The orc warrior is lightly wounded.
You constrict the orc warrior, but do no damage.
The orc warrior hits you with a +0 flail!
You die...

#..#.#...###
..#
#..##)##.8.#
..#
#..#.#....8##
#..###)..#..#.
#..##.........
#..##..###..#.
#.#..#.###.#
#...####o###
#.###..h..##
#.......?.....#
######........#
##########


You could see an orc warrior.

Vanquished Creatures
  Sigmund (D:2)
  An ogre (D:4)
  A phantom (D:4)
  Blork the orc (D:5)
  An orc priest (D:5)
  An iguana (D:4)
  2 orc wizards (D:5)
  3 gnolls (D:4)
  2 adders
  3 worms
  4 dart slugs
  14 orcs
  12 ball pythons
  3 endoplasms
  3 giant cockroaches
  7 goblins
  3 hobgoblins
  12 jackals
  A quokka (D:2)
  3 bats
  2 frilled lizards
  2 kobolds
  4 rats
86 creatures vanquished.

Notes
Turn   | Place    | Note
-------+----------+-------------------------------------------
     0 | D:1      | LeprechaunX the Octopode Shapeshifter began the quest for
                  | the Orb.
     0 | D:1      | Reached XP level 1. HP: 13/13 MP: 1/1
   170 | D:1      | Reached XP level 2. HP: 11/18 MP: 2/2
   675 | D:2      | Reached XP level 3. HP: 23/23 MP: 3/3
   736 | D:2      | Found a runed translucent door.
   737 | D:2      | Noticed Crazy Yiuf
   796 | D:2      | Found a sparkling altar of Nemelex Xobeh.
  1089 | D:2      | Noticed Sigmund
  1101 | D:2      | Killed Sigmund
  1102 | D:2      | Reached skill level 4 in Unarmed Combat
  1102 | D:2      | Reached XP level 4. HP: 19/30 MP: 4/4
  1102 | D:2      | Reached XP level 5. HP: 22/35 MP: 5/5
  1649 | D:3      | Reached XP level 6. HP: 41/41 MP: 6/6
  2093 | D:3      | Found a sparkling altar of Nemelex Xobeh.
  2093 | D:3      | Found a faded altar of an unknown god.
  2100 | D:3      | Found a faded altar of an unknown god.
  2102 | D:3      | Found a radiant altar of Vehumet.
  2104 | D:3      | Found an iron altar of Okawaru.
  2194 | D:3      | Found a shadowy altar of Dithmenos.
  2457 | D:4      | Reached skill level 5 in Unarmed Combat
  2633 | D:4      | Reached XP level 7. HP: 38/46 MP: 7/7
  3225 | D:5      | Entered Level 5 of the Dungeon
  3388 | D:5      | Noticed Blork the orc
  3395 | D:5      | Killed Blork the orc
  3549 | D:5      | Mangled by an orc warrior

Illustrated notes

Levels and vault maps discovered:
D:1:      lemuel_arrival_room, layout_rooms
D:2:      layout_loops_cross, basic_altar, uniq_sigmund, uniq_crazy_yiuf_cottage
D:3:      layout_loops_ring, chequers_temple_overflow_minitemple,
          mainiacjoe_overflow_alcove_4
D:4:      layout_cave_pools
D:5:      layout_loops_ring, serial_shops, nicolae_shop_tiny_real_fake_doors,
          guppyfry_early_orc_mine, uniq_blork_the_orc

Skill      XL: |  1  2  3  4  5  6 |
---------------+-------------------+-----
Fighting       | 2 3 |  3.5
Dodging        | 3 |  3.9
Unarmed Combat | 4 5 |  5.8
Shapeshifting  | 4 |  4.2

Action                     |  1- 3 |  4- 6 |  7- 9 || total
---------------------------+-------+-------+-------++-------
  Melee: Unarmed           |    74 |    69 |    38 ||   181
         Constrict         |    23 |    12 |    10 ||    45
         Tentacles         |    15 |    11 |     7 ||    33
         Punch             |     1 |     3 |       ||     4
   Stab: Sleeping          |     3 |     9 |       ||    12
 Armour: Skin              |     4 |     4 |     3 ||    11
  Dodge: Dodged            |    61 |    29 |    21 ||   111

Table legend: (Time is in decaauts)
 A = Elapsed time spent in this place.
 B = Non-inter-level travel time spent in this place.
 C = Inter-level travel time spent in this place.
 D = Time resting spent in this place.
 E = Time spent auto-exploring this place.
 F = Levels seen in this place.
 G = Mean time per level.
                   A        B        C        D        E       F      G
               +--------+--------+--------+--------+--------+-----+--------+
         Total |   3533 |   3410 |    123 |    256 |   2664 |   5 |  706.6 |
       Dungeon |   3533 |   3410 |    123 |    256 |   2664 |   5 |  706.6 |
               +--------+--------+--------+--------+--------+-----+--------+

Top non-repeatable levels by time:
     D:4: 944 daAuts
     D:2: 906 daAuts
     D:3: 895 daAuts
     D:1: 505 daAuts
     D:5: 282 daAuts
